 Dungeon Crawl Stone Soup version 0.28-a0-1506-g3893175d92 (webtiles) character file.

Game seed: 3416114554842260952

441 dolemite99 the Cutter (level 6, -2/47 HPs)
             Began as a Demonspawn Fighter on Jan 13, 2022.
             Was a Believer of Trog.
             Slain by an orc (3 damage)
             ... on level 5 of the Dungeon.
             The game lasted 00:04:12 (5146 turns).

dolemite99 the Cutter (Demonspawn Fighter)          Turns: 5146, Time: 00:04:13

Health: -2/47      AC:  7    Str: 19    XL:     6   Next: 71%
Magic:  6/6        EV: 12    Int:  9    God:    Trog [**....]
Gold:   159        SH:  4    Dex: 12    Spells: 5/5 levels left

rFire   . . .      SeeInvis .   b - +2 short sword (venom)
rCold   . . .      Faith    .   c - +0 buckler
rNeg    . . .      Spirit   .   j - +0 scale mail
rPois   .          Reflect  .   (helmet restricted)
rElec   .          Harm     .   (no cloak)
rCorr   .          Rampage  .   (no gloves)
Will    .....                   z - +0 pair of boots
Stlth   ..........              (no amulet)
HPRegen 0.15/turn               (no ring)
MPRegen 0.10/turn               (no ring)

@: weak-willed
A: antennae 2, repulsion field 2
a: Renounce Religion, Berserk, Trog's Hand


You were on level 5 of the Dungeon.
You worshipped Trog.
Trog was pleased with you.
You visited 1 branch of the dungeon, and saw 5 of its levels.

You collected 159 gold pieces.

Inventory:

Hand Weapons
 a - a +0 rapier
 b - a +2 short sword of venom (weapon)
 g - a +0 great sword
 t - a +0 hunting sling
 u - a +0 hunting sling
Missiles
 n - 87 stones (quivered)
 o - 36 sling bullets
 s - 5 atropa-tipped darts
Armour
 c - a +0 buckler (worn)
 f - a +0 pair of gloves
 j - a +0 scale mail (worn)
 v - a +0 helmet
 z - a +0 pair of boots (worn)
Magical Staves
 r - a staff of death
Jewellery
 w - a ring of flight
Wands
 e - a wand of mindburst (14)
 x - a wand of iceblast (6)
Potions
 d - a potion of might
 h - a potion of heal wounds {unknown}
 i - 4 potions of attraction
 k - 4 potions of curing
 l - a potion of resistance {unknown}
 p - a potion of haste {unknown}
 q - a potion of flight {unknown}


   Skills:
 - Level 3.0 Fighting
 + Level 6.6 Short Blades
 - Level 2.6 Armour
 - Level 2.6 Shields


You had 5 spell levels left.
You didn't know any spells.
Your spell library was empty.

Dungeon Overview and Level Annotations

Branches:
Dungeon (5/15)
 Temple: D:4-7

Altars:
Trog

Shops:
D:3 (   D:4 :

Annotations:
D:4 exclusion: downstairs
D:5 Pikel


Innate Abilities, Weirdness & Mutations

You have a pair of antennae on your head.
You are surrounded by a moderate repulsion field. (EV +3)


Message History

There is an entrance to an ossuary on this level.
Hurry and find it before the portal is buried!
Level annotation: Pikel You hear the slow hiss of an avalanche of sand nearby.
The orc shouts!
The orc priest shouts!
The orc shouts!
The orc wizard shouts!
The orc shouts!
As you read the scroll labelled SARPHI QESON, it crumbles to dust.
Magic quickly surges around you.
It was a scroll of vulnerability.
The orc throws a boomerang.
The boomerang hits you.
The orc priest mumbles some strange prayers to Beogh against you.
Beogh smites you!
The orc wizard points at you and mumbles some strange words.
You are confused.
The orc hits you but does no damage.
The orc priest mumbles some strange prayers to Beogh against you.
Beogh smites you!
The orc priest hits you but does no damage.
You bump into the rock wall.
The orc closely misses you.
The orc priest hits you but does no damage.
The orc hits you but does no damage. The orc priest closely misses you.
The orc barely misses you.
You are too confused!
You closely miss Pikel. Pikel waves his whip at you. Pikel closely misses you.
The orc priest barely misses you.
The orc wizard mumbles some strange words.
The orc wizard flickers and vanishes!
Deactivating autopickup; reactivate with Ctrl-A.
The orc hits you but does no damage.
You are too confused!
You feel better.
Pikel hits you with a +2 whip of freezing!
* * * LOW HITPOINT WARNING * * *
Pikel freezes you.
* * * LOW HITPOINT WARNING * * *
The orc misses you. You block the orc's attack.
The orc priest invokes the aid of Beogh against you.
Beogh smites you!
* * * LOW HITPOINT WARNING * * *
The orc hits you with a +0 hand axe.
You die...

.##.....<##...
..............##
...............#
............#...
......#.........
......#.........
...#..5O##......
.......Ko......#
......5o@.....#
.###...oo..#....
#....{..# ..
#.......##..
#........ #..
.......... ###
...........
.........#


You could see Pikel (weak-willed), an ogre (weak-willed), 2 lemures, an orc
priest (weak-willed) and 3 orcs.

Vanquished Creatures
  A black bear (D:4)
  An ogre (D:4)
  A phantom (D:4)
  A lemure (D:4)
  A scorpion zombie (D:3)
  3 hound skeletons
  4 adders
  2 adder zombies (D:3)
  An adder skeleton (D:4)
  A worm (D:2)
  2 dart slugs (D:1)
  3 orcs
  4 bats (D:2)
  10 endoplasms
  4 giant cockroaches
  4 hobgoblins
  3 jackals (D:1)
  3 quokkas
  5 ball pythons
  5 frilled lizards
  9 goblins
  A jackal zombie (D:3)
  4 kobolds
  A quokka skeleton (D:3)
  4 rats (D:1)
78 creatures vanquished.

Notes
Turn   | Place    | Note
-------+----------+-------------------------------------------
     0 | D:1      | dolemite99 the Demonspawn Fighter began the quest for the
                  | Orb.
     0 | D:1      | Reached XP level 1. HP: 18/18 MP: 1/1
   132 | D:1      | Reached skill level 2 in Short Blades
   410 | D:1      | Gained mutation: You are surrounded by a mild repulsion
                  | field. (EV +2) [demonic ancestry]
   410 | D:1      | Reached XP level 2. HP: 24/24 MP: 2/2
   535 | D:1      | Found a faded altar of an unknown god.
   545 | D:1      | Prayed at the altar of an unknown god.
   545 | D:1      | Became a worshipper of Trog the Wrathful
   545 | D:1      | Reached * piety under Trog
   638 | D:1      | Reached skill level 3 in Short Blades
  1067 | D:2      | Gained mutation: You have a pair of small antennae on your
                  | head. [demonic ancestry]
  1067 | D:2      | Reached XP level 3. HP: 29/29 MP: 3/3
  1724 | D:2      | Reached ** piety under Trog
  1800 | D:2      | Gained mutation: You have a pair of antennae on your head.
                  | [demonic ancestry]
  1800 | D:2      | Reached XP level 4. HP: 32/35 MP: 4/4
  1934 | D:3      | Reached skill level 4 in Short Blades
  2660 | D:3      | Gained mutation: You are surrounded by a moderate repulsion
                  | field. (EV +3) [demonic ancestry]
  2660 | D:3      | Reached XP level 5. HP: 41/41 MP: 5/5
  2676 | D:3      | Found Tall's Weapon Shop.
  3456 | D:4      | Reached skill level 5 in Short Blades
  3534 | D:4      | Found Vedirgh's Book Shop.
  3673 | D:4      | Noticed a phantom
  3701 | D:4      | Killed a phantom
  4402 | D:4      | Noticed a black bear
  4416 | D:4      | Killed a black bear
  4417 | D:4      | Reached skill level 6 in Short Blades
  4417 | D:4      | Reached XP level 6. HP: 47/47 MP: 6/6
  4983 | D:5      | Entered Level 5 of the Dungeon
  4983 | D:5      | Noticed Pikel
  5146 | D:5      | HP: 1/47 [orc priest/divine providence (10)]
  5146 | D:5      | Slain by an orc

Illustrated notes

Levels and vault maps discovered:
D:1:      nicolae_arrival_washed_ashore, layout_loops_ring,
          basic_ecumenical_altar
D:2:      layout_basic, minmay_tall_x
D:3:      layout_rooms, serial_undead, serial_undead_c, serial_undead_b,
          serial_undead_e, serial_undead_c, serial_undead_e, serial_undead_f,
          serial_undead_a, serial_shops, nicolae_shop_bloodbath_and_beyond
D:4:      layout_basic, serial_shops,
          nicolae_shop_temple_entry_statues_fountains
D:5:      layout_cave_pools, chequers_ossuary_entry_cave,
          chequers_serial_rivers_marsh, uniq_pikel

Skill      XL: |  1  2  3  4  5 |
---------------+----------------+-----
Short Blades   | 2 3 4 6 |  6.6
Fighting       | |  3.0
Armour         | |  2.6
Shields        | |  2.6

Action                   |  1- 3 |  4- 6 || total
-------------------------+-------+-------++-------
Melee: Rapier            |    12 |    43 ||    55
       Short sword       |    80 |   120 ||   200
Throw: Stone             |    36 |    37 ||    73
Invok: Berserk           |       |     3 ||     3
       Trog's Hand       |       |     1 ||     1
  Use: Scroll            |       |     9 ||     9
       Potion            |       |     1 ||     1
Armor: Scale mail        |    30 |    65 ||    95
Dodge: Dodged            |    26 |    86 ||   112
Block: Buckler           |    16 |    28 ||    44

Table legend: (Time is in decaauts)
 A = Elapsed time spent in this place.
 B = Non-inter-level travel time spent in this place.
 C = Inter-level travel time spent in this place.
 D = Time resting spent in this place.
 E = Time spent auto-exploring this place.
 F = Levels seen in this place.
 G = Mean time per level.
                   A        B        C        D        E       F      G
               +--------+--------+--------+--------+--------+-----+--------+
         Total |   5167 |   5043 |    124 |   2218 |   2017 |   5 | 1033.4 |
       Dungeon |   5167 |   5043 |    124 |   2218 |   2017 |   5 | 1033.4 |
               +--------+--------+--------+--------+--------+-----+--------+

Top non-repeatable levels by time:
     D:4: 1743 daAuts
     D:3: 1491 daAuts
     D:1: 985 daAuts
     D:2: 935 daAuts
     D:5: 12 daAuts
